[Event "*** Titled Tuesday Blitz"]
[Site "Chess.com"]
[Date "2020.10.27"]
[Round "9"]
[White "zmeeed67"]
[Black "natelleka"]
[Result "1-0"]
[WhiteElo "2358"]
[BlackElo "2198"]
[TimeControl "180+1"]
[EndTime "11:47:05 PDT"]
[Termination "zmeeed67 won by resignation"]

1. e4 e5 2. Nf3 Nf6 3. Nc3 Bb4 4. Nxe5 O-O 5. Be2 Bxc3 6. bxc3 Nxe4 7. O-O d5 8. Nf3 Nc6 9. c4 d4 10. Bb2 Bf5 11. d3 Nc5 12. Ba3 b6 13. Rb1 Re8 14.
Bxc5 bxc5 15. Re1 Qd6 16. a3 Rab8 17. Qd2 h6 18. h3 Ne7 19. Qa5 Rxb1 20. Rxb1 Ng6 21. Bf1 Nf4 22. Qxa7 Qg6 23. Kh2 Qd6 24. Kh1 Qc6 25. Qb7 Qd6 26. a4 Bd7 27. Qa7 Bc6 28. Rb8 Rxb8 29. Qxb8+ Kh7 30. Ng1 Nxh3 31. Nxh3 Bxa4 32. Kg1 Bxc2 33. Qb2 Ba4 34. Qd2 Bd7 35. Qf4 Qc6 36. Qe4+ Qxe4 37. dxe4 Bc6 38. Bd3 Kg6 39.
Nf4+ Kf6 40. Nd5+ Bxd5 41. exd5 Ke5 42. Kf1 Kd6 43. g3 c6 44. Be4 cxd5 45. Bxd5 f6 46. Ke2 Ke5 47. Kd3 Kf5 48. f3 Ke5 49. Be4 Kd6 50. Bh7 Ke5 51. Bg6 Kd6 52. Ke4 Ke6 53. Bf5+ Kd6 54. Bh7 Ke7 55. Kd5 Kf7 56. Bd3 Ke7 57.
Kxc5 Ke6 58. Kxd4 Kd6 59. c5+ Kd7 60. Be4 Kc7 61. Kd5 Kd7 62. c6+ Kc7 63. Kc5 h5 64.
Bg6 h4 65. gxh4 Kc8 66. Kd6 Kd8 67. Bf5 g6 68. c7+ Ke8 69. c8=Q+ Kf7 70. Qe6+ 1-0

[Event "*** Titled Tuesday Blitz"]
[Site "Chess.com"]
[Date "2020.10.27"]
[Round "9"]
[White "Zhuu96"]
[Black "TimofeevAr"]
[Result "0-1"]
[WhiteElo "2879"]
[BlackElo "2792"]
[TimeControl "180+1"]
[EndTime "11:47:07 PDT"]
[Termination "TimofeevAr won by resignation"]

1. e4 e5 2. Nf3 Nf6 3. Nc3 Nc6 4. Bb5 Bd6 5. d3 h6 6. O-O O-O 7. Ne2 Re8 8. Ng3 Bf8 9. Re1 a6 10. Bxc6 bxc6 11. b3 d6 12. h3 c5 13. Nh2 a5 14.
f4 exf4 15. Bxf4 a4 16. Qf3 Bd7 17. Rf1 axb3 18. axb3 Rxa1 19. Rxa1 Qb8 20. Rf1 Re6 21. Bd2 Qe8 22. Bc3 Nh7 23. Nf5 f6 24. Qg3 Kh8 25. Ng4 c6 26. Nfxh6 gxh6 27. Bxf6+ Nxf6 28. Nxf6 Rxf6 29. Rxf6 Qe7 30. Qg6 Be8 31. Qf5 Bg7 32. Re6 Qd8 33. Qf4 d5 34. e5 Qd7 35. Qg4 Qf7 36. Rd6 c4 37. d4 cxb3 38. cxb3 Kh7 39. Qe6 Qf4 40. Qg4 Qxg4 41. hxg4 Kg8 42. Kf1 Kf8 43. Rd8 Ke7 44. Rc8 Bd7 45. Rc7 Kd8 46. Rb7 Bf8 47. Kf2 Bxg4 48. Ke3 h5 49. Kf4 Bh6+ 50.
Kg3 Be3 51. Rb4 Kd7 52. Ra4 Ke6 53. Rb4 Kf5 54. Ra4 Ke4 55. Kh4 Bxd4 56. e6 Bxe6 57. Kxh5 Ke5 58. g4 Be3 59. g5 d4 60. g6 d3 61. Ra5+ c5 62. Ra8 d2 63. Ra1 Bxb3 64. g7 Kf6 65. Rg1 Bxg1 0-1

[Event "*** Titled Tuesday Blitz"]
[Site "Chess.com"]
[Date "2020.10.27"]
[Round "9"]
[White "LubovMarkelova"]
[Black "Khazieva_Elza"]
[Result "1/2-1/2"]
[WhiteElo "2253"]
[BlackElo "2471"]
[TimeControl "180+1"]
[EndTime "11:47:08 PDT"]
[Termination "Game drawn by repetition"]

1. d4 Nf6 2. Nf3 d6 3. c4 Bf5 4. Qb3 Qc8 5. Nc3 c6 6. g3 h6 7. Bg2 Nbd7 8. O-O e5 9. c5 Bh7 10. cxd6 Bxd6 11. dxe5 Nxe5 12. Rd1 Bc7 13. Nxe5 Bxe5 14.
f4 Bc7 15. e4 Bb6+ 16. Kf1 O-O 17. h3 Qc7 18. e5 Nd7 19. Na4 Nc5 20. Nxc5 Bxc5 21.
Be3 Bxe3 22. Qxe3 Qa5 23. Kg1 Rfe8 24. a3 Bf5 25. b4 Qa4 26. Rd6 a5 27. bxa5 Rxa5 28.
Rd4 Qc2 29. Rd2 Qc4 30. Rad1 Qa4 31. Qb6 Qxa3 32. Qxb7 Qxg3 33. Qxc6 Rf8 34. Qb6 Ra4 35. Qf2 Qg6 36. Rd6 Qh5 37. Kh2 Rc4 38. R1d2 Rc1 39. R2d4 f6 40. Rd8 fxe5 41. Rxf8+ Kxf8 42. Rd8+ Ke7 43. Qb6 exf4 44. Rb8 Qh4 45. Rb7+ Bd7 46. Rxd7+ Kxd7 47. Qd4+ Ke6 48. Qd5+ Ke7 49. Qe5+ Kf8 50. Qb8+ Kf7 51.
Qa7+ Kf6 52. Qa6+ Ke7 53. Qa3+ Kd8 54. Qxc1 Qg3+ 55. Kh1 f3 56. Qd2+ Kc7 57. Qc3+ Kb8 58. Qxf3 Qe1+ 59. Kh2 Qe5+ 60. Kh1 Qe1+ 61. Kh2 Qe5+ 62.
Qg3 Qxg3+ 63. Kxg3 Kc7 64. Kf4 Kd6 65. Kf5 Ke7 66.
Kg6 Kf8 67. Bd5 h5 68. Kxh5 g5 69. Kxg5 Kg7 70. Kh5 Kh8 71. Kg5 Kg7 72. Kh5 Kh8 73. Kg5 Kg7 1/2-1/2

[Event "*** Titled Tuesday Blitz"]
[Site "Chess.com"]
[Date "2020.10.27"]
[Round "9"]
[White "WuinaterJr"]
[Black "nubair1198"]
[Result "1-0"]
[WhiteElo "2536"]
[BlackElo "2799"]
[TimeControl "180+1"]
[EndTime "11:47:12 PDT"]
[Termination "WuinaterJr won by resignation"]

1. d4 Nf6 2. Nf3 g6 3. c4 Bg7 4.
g3 O-O 5. Bg2 c6 6. O-O d6 7.
Nc3 Nbd7 8. b3 e5 9. Ba3 exd4 10.
Nxd4 Nc5 11. e3 Qa5 12. Bb2 Bg4 13. Qc2 Rad8 14. h3 Bc8 15. Kh2 h5 16. Rfd1 Qc7 17. b4 Ne6 18. Nce2 Rfe8 19. a3 Nxd4 20. Bxd4 Bf5 21.
Qb2 Qe7 22. Nf4 g5 23. Ne2 c5 24. Bc3 b6 25. Rac1 Bg6 26. Rd2 Kh7 27. Rcd1 Rg8 28. a4 Be4 29. Bxf6 Bxf6 30. Bxe4+ Kh6 31. Qc2 cxb4 32. Nd4 Bxd4 33. Rxd4 Qf6 34. Qd2 Rge8 35. Bg2 Re6 36. f4 h4 37. g4 Kg7 38. Qxb4 Rxe3 39. Qb5 gxf4 40. Qf5 f3 41. Qxf6+ Kxf6 42. Rf4+ Ke5 43.
Rxf3 Rxf3 44. Bxf3 Rc8 45. Bd5 Rc7 46. Rf1 f6 47. Rf5+ Kd4 48. Rxf6 Re7 49. Re6 Rd7 50. g5 a6 51. Re4+ Kc5 52. g6 b5 53. axb5 axb5 54. Bf7 bxc4 55. g7 d5 56. g8=Q dxe4 57. Qc8+ Kd6 58. Qxc4 Re7 59. Bh5 e3 60. Qxh4 e2 61.
Qd4+ Kc7 62. Qc4+ Kd6 63. Bxe2 Re5 64. Bf3 Ke7 65. Qc7+ Kf6 66. Bg4 Rd5 67. Qc6+ Ke5 68. Qe6+ Kd4 69. h4 Re5 70. Qd6+ Ke4 71. h5 Rg5 72. Qg6+ Kf4 73. Bh3 Re5 74. Qf6+ Ke4 75.
h6 Kd5 76. Qxe5+ Kxe5 77. h7 1-0

[Event "*** Titled Tuesday Blitz"]
[Site "Chess.com"]
[Date "2020.10.27"]
[Round "9"]
[White "Bigfish1995"]
[Black "Andreikka"]
[Result "1-0"]
[WhiteElo "3022"]
[BlackElo "2915"]
[TimeControl "180+1"]
[EndTime "11:47:13 PDT"]
[Termination "Bigfish1995 won on time"]

1. d4 Nf6 2. c4 e6 3. Nf3 d5 4.
Nc3 Bb4 5. e3 O-O 6. Bd3 c5 7.
O-O dxc4 8. Bxc4 Bd7 9. Ne2 cxd4 10. Nexd4 Nc6 11. a3 Be7 12. b4 Rc8 13. Be2 Qb6 14.
Bb2 Rfd8 15. Rc1 Be8 16. Qb3 Nd5 17. Bc4 a5 18. b5 Nxd4 19. Bxd4 Qd6 20. Bb2 a4 21.
Qxa4 Nb6 22. Qb3 Nxc4 23. Rxc4 Qd5 24. Rc3 Bxb5 25. Qxd5 exd5 26. Rfc1 Rxc3 27. Rxc3 Bc4 28. Nd4 Ra8 29. h3 b5 30. g4 g6 31. Kg2 Bd6 32. Kf3 Kf8 33. Rc1 Ke7 34. Rb1 Kd7 35.
Bc1 Bd3 36. Rb3 Bc4 37. Rb1 Ra5 38. Bd2 Rxa3 39. Nxb5 Ra2 40. Nxd6 Kxd6 41. Bc3 Bd3 42. Rb6+ Ke7 43. Bb4+ Ke8 44. Rb8+ Kd7 45. Rb7+ Ke6 46.
Rb6+ Kd7 47. Rd6+ Ke8 48. Rxd5 Bc4 49. Rc5 Be6 50. Kg3 Ra1 51. Rc7 Rg1+ 52. Kh2 Rf1 53. Kg2 Rb1 54. Bd6 Rb6 55. Be5 Rb4 56. Bf6 Rc4 57. Re7+ Kf8 58. Ra7 Rc8 59. Kg3 h6 60. f3 g5 61. Be5 Kg8 62. Bd4 Kh7 63. Ra5 Rc4 64. h4 gxh4+ 65. Kxh4 Rc1 66. Kg3 Rg1+ 67. Kf2 Rc1 68. Ra8 Rb1 69. Rh8+ Kg6 70. Rg8+ Kh7 71. Rg7+ Kh8 72. Rxf7+ 1-0

[Event "*** Titled Tuesday Blitz"]
[Site "Chess.com"]
[Date "2020.10.27"]
[Round "9"]
[White "DonBroca"]
[Black "Marina_Chess_Rus"]
[Result "1/2-1/2"]
[WhiteElo "2152"]
[BlackElo "2268"]
[TimeControl "180+1"]
[EndTime "11:47:18 PDT"]
[Termination "Game drawn - insufficient material"]

1. e4 e6 2. d4 d5 3. exd5 exd5 4. Bd3 Bd6 5. Ne2 Ne7 6. Bf4 c6 7. O-O O-O 8. Qd2 Bf5 9. Bxd6 Qxd6 10. c3 Nd7 11. Bxf5 Nxf5 12. Qf4 Qxf4 13. Nxf4 Rae8 14. Nd2 g5 15. Nh3 Re2 16. Rad1 h6 17. Rfe1 Rfe8 18.
Rxe2 Rxe2 19. Kf1 Re7 20. Re1 Kf8 21. Ng1 Nb6 22. Ngf3 Na4 23. Rb1 f6 24. Ne1 Nd6 25. Nd3 Kf7 26. Rc1 Nc4 27. Rc2 Nab6 28. Nc5 h5 29. b3 Nxd2+ 30. Rxd2 Nc8 31. f3 Nd6 32. Kf2 Nb5 33. Rd3 b6 34. Na6 h4 35.
a4 Nc7 36. Nb4 Re6 37. Re3 c5 38. Nc2 Ke7 39. Rxe6+ Nxe6 40. Ke3 Nf4 41. g3 Ng6 42. dxc5 bxc5 43. b4 cxb4 44. cxb4 hxg3 45. hxg3 Kd6 46. Nd4 a6 47. Nf5+ Ke6 48. Nd4+ Kd6 49. b5 axb5 50. axb5 Ne5 51. f4 Nc4+ 52. Kf3 gxf4 53. Kxf4 Kc5 54. Ne6+ Kxb5 55. Kf5 Ne3+ 56. Kxf6 Kc4 57. Ke5 Nf1 58. g4 Nd2 59. Kf4 d4 60. g5 Kd5 61. Nc7+ Kd6 62.
Nb5+ Ke7 63. Nxd4 Kf7 64. Nf5 Nc4 65. Ne3 Nxe3 66. Kxe3 Kg6 67. Kf4 Kg7 68. Kg4 Kg6 69. Kh4 Kg7 70. Kh5 Kh7 71. g6+ Kg7 72. Kg5 Kg8 73.
Kf6 Kf8 74. Kg5 Kg7 75. Kh5 Kg8 76. Kh4 Kg7 77. Kg5 Kg8 78. Kf5 Kg7 79. Ke6 Kxg6 1/2-1/2

[Event "*** Titled Tuesday Blitz"]
[Site "Chess.com"]
[Date "2020.10.27"]
[Round "9"]
[White "Shivagami"]
[Black "guillembaches"]
[Result "0-1"]
[WhiteElo "2261"]
[BlackElo "2395"]
[TimeControl "180+1"]
[EndTime "11:47:21 PDT"]
[Termination "guillembaches won on time"]

1. e4 c5 2. Nc3 d6 3. g3 Nc6 4. d3 g6 5. Bg2 Bg7 6. f4 e6 7.
Be3 Nge7 8. Nge2 Nd4 9. O-O O-O 10. Qd2 Bd7 11. Bxd4 cxd4 12. Nd1 Bc6 13. g4 f5 14. h3 e5 15. Nf2 Qd7 16. g5 Rae8 17. h4 d5 18. fxe5 Bxe5 19. Bh3 dxe4 20. dxe4 Qd6 21. Bg2 f4 22. Ng4 Rd8 23. Nxe5 Qxe5 24. Nxf4 Rf7 25. Nd3 Rxf1+ 26. Rxf1 Qg3 27. Qf4 Qxf4 28. Rxf4 Bb5 29.
e5 Nf5 30. Be4 Ne3 31. Nc5 Re8 32. Nxb7 Rxe5 33. Nd6 Bd7 34. Bd3 Rd5 35. Ne4 Kg7 36.
Nf6 Rd6 37. h5 gxh5 38. Nxh5+ Kg8 39. Nf6+ Kg7 40. Nxh7 Bc6 41. Nf6 Rd8 42. Nh5+ Kg8 43. g6 Nd5 44. Rxd4 Rf8 45. Bc4 Rf5 46. Ng3 Rg5 47.
Kf2 Kg7 48. Bxd5 Bxd5 49. c4 Be6 50. b3 Kxg6 51. Rd6 Kf7 52. Ne4 Rh5 53. Ke3 Rh2 54.
Ra6 Bg4 55. Rxa7+ Kg6 56. Ra6+ Kf5 57. Ng3+ Ke5 58. Ra5+ Kd6 59. Kf4 Bd7 60. Ne4+ Kc7 61. b4 Bc6 62. Nc5 Rh4+ 63. Ke5 Rxc4 64. a3 Rc1 65. Ra7+ Kb6 66. Rf7 Re1+ 67. Kd4 Rd1+ 68. Nd3 Bb5 69. Rf6+ Kc7 70. Rf3 Ra1 71. Nc5 Bc6 72. Ke5 Bxf3 73. Ne6+ Kb6 74. Nd4 Rxa3 0-1

[Event "*** Titled Tuesday Blitz"]
[Site "Chess.com"]
[Date "2020.10.27"]
[Round "9"]
[White "KacperPolOK"]
[Black "PavelShkapenko"]
[Result "1-0"]
[WhiteElo "2440"]
[BlackElo "2633"]
[TimeControl "180+1"]
[EndTime "11:47:25 PDT"]
[Termination "KacperPolOK won by resignation"]

1. e4 e5 2. Nf3 Nc6 3. Bb5 Bc5 4. Nxe5 Nd4 5. Bc4 Qg5 6. Bxf7+ Ke7 7. O-O Qxe5 8.
Bxg8 Rxg8 9. c3 Ne6 10. d4 Nxd4 11. cxd4 Qxd4 12. Qb3 Rf8 13. Bg5+ Ke8 14. Nc3 Qe5 15. Bh4 d6 16. Bg3 Qe7 17. Kh1 Be6 18. Qxb7 Kf7 19.
Nd5 Bxd5 20. Qxd5+ Qe6 21. Qc6 Kg8 22. f4 Rae8 23.
Rae1 Qxa2 24. Re2 Qc4 25. Rfe1 Re7 26. Qd5+ Qxd5 27. exd5 Rxe2 28. Rxe2 Kf7 29. Bh4 Rb8 30. g4 Re8 31. Rxe8 Kxe8 32. Kg2 Kd7 33. Kf3 Bd4 34. b3 c6 35. Ke4 Bg1 36. h3 Bh2 37. f5 Bg1 38.
Be1 g6 39. fxg6 hxg6 40. h4 Bh2 41. h5 gxh5 42. gxh5 Be5 43. Bd2 cxd5+ 44. Kxd5 Ke7 45. Be3 a6 46. Bd4 Bf4 47. Kc6 Ke6 48. Kb6 Be5 49. Be3 d5 50. Kxa6 d4 51. Bd2 Kf5 52. Kb5 Bf4 53. Bxf4 Kxf4 54. h6 d3 55. h7 d2 56. h8=Q d1=Q 57. Qc3 Qd7+ 58. Qc6 Qh3 59. b4 Ke5 60. Qc5+ Kf6 61. Ka6 Qa3+ 62. Kb7 Ke6 63.
Qc6+ Ke7 64. b5 Qa4 65. b6 Qa5 66. Qc7+ Ke6 67. Qc6+ Ke7 68. Qe4+ Kd7 69. Qd4+ Ke7 70. Kc6 Qa8+ 71. b7 Qb8 72. Kb6 Ke6 73. Qc4+ Kd7 74. Qc6+ Ke7 75. Qc7+ 1-0

[Event "*** Titled Tuesday Blitz"]
[Site "Chess.com"]
[Date "2020.10.27"]
[Round "9"]
[White "Legendinunknown"]
[Black "Shield12"]
[Result "1/2-1/2"]
[WhiteElo "2667"]
[BlackElo "2823"]
[TimeControl "180+1"]
[EndTime "11:47:26 PDT"]
[Termination "Game drawn - insufficient material"]

1. d4 Nf6 2. c4 e6 3. Nc3 Bb4 4.
f3 d5 5. a3 Bxc3+ 6. bxc3 c6 7.
e3 O-O 8. Bd3 b6 9. Ne2 Ba6 10.
O-O Bxc4 11. Bxc4 dxc4 12. e4 h6 13. Be3 Nbd7 14. Qd2 Qe7 15. Ng3 Rad8 16. Qe2 b5 17.
f4 Nb6 18. Qf3 Nfd7 19. f5 Rde8 20. Qh5 f6 21. fxe6 Qxe6 22. Bxh6 Rf7 23. Bd2 Nf8 24. Rf4 g6 25. Qf3 Nbd7 26. Rf1 Qd6 27. e5 Nxe5 28. dxe5 Qxd2 29. Rxf6 Rxf6 30. Qxf6 Qe3+ 31.
Kh1 Qxe5 32. Qf7+ Kh8 33. Rf4 Nh7 34. Rh4 Qe1+ 35. Nf1 Qxh4 36. Qxe8+ Kg7 37. Qd7+ Kh6 38. Qxc6 Qf2 39. Qf3 Qxf3 40. gxf3 Nf6 41. Ne3 Kg5 42. Kg2 Nd7 43. Kf2 Nc5 44. Nd5 Kf5 45. Nc7 a6 46.
Ke3 Ke5 47. f4+ Kd6 48. Ne8+ Ke6 49. Kd4 Nb3+ 50. Ke3 Nc1 51. Nc7+ Kd6 52. Nxa6 Nd3 53. Nb4 Nb2 54. Nc2 Nd1+ 55. Kd4 Nf2 56. Ne3 Ke6 57. a4 bxa4 58. Kxc4 Nh3 59. Ng2 Nf2 60. Kb4 Ne4 61.
c4 Nd2 62. Ne3 Kd6 63. Kxa4 Kc5 64. h4 Kd4 65. f5 gxf5 66. h5 Ne4 67. h6 Nf6 68.
Nxf5+ Kxc4 69. Ne7 Kc5 70. Kb3 Kd6 71. Ng6 Ke6 72. Kc3 Nh7 73. Kd4 Kf5 74. Nh4+ Kg5 75. Nf3+ Kxh6 1/2-1/2

[Event "*** Titled Tuesday Blitz"]
[Site "Chess.com"]
[Date "2020.10.27"]
[Round "9"]
[White "Gerodot71"]
[Black "katchesskat"]
[Result "1-0"]
[WhiteElo "2482"]
[BlackElo "2262"]
[TimeControl "180+1"]
[EndTime "11:47:26 PDT"]
[Termination "Gerodot71 won by resignation"]

1. d4 c5 2. d5 e5 3. e4 a6 4. a4 d6 5. Nc3 Ne7 6. g3 Ng6 7. h4 Be7 8. Bg2 h6 9. Nge2 Bg4 10. Be3 b6 11. Qd2 Bxe2 12. Qxe2 O-O 13. O-O Re8 14. h5 Nf8 15. f4 Nbd7 16. Bh3 Bf6 17. Bd2 exf4 18.
gxf4 Bd4+ 19. Kh2 Qh4 20. Rg1 Nf6 21. Raf1 N8h7 22. Qf3 Qxh5 23. Qxh5 Nxh5 24. Rg2 N5f6 25. Re1 g6 26. Rge2 h5 27. Kg3 Rad8 28. Bg2 Ng4 29. Nd1 b5 30. c3 Bg7 31. axb5 axb5 32.
Bf3 Nh6 33. Nf2 Ra8 34. Nd3 Ra2 35. Bc1 Ra4 36. Kh3 b4 37. cxb4 c4 38. Nf2 Rxb4 39.
e5 Rb3 40. Re3 Rxe3 41. Rxe3 Nf5 42. Rc3 dxe5 43. Rxc4 exf4 44. Bxf4 Nf6 45. d6 Rd8 46. Rc2 Ne8 47. Rd2 Nexd6 48. Ne4 Bf8 49. Ng5 Rb8 50.
Kh2 Rb3 51. Bg2 Nc4 52. Rd8 Kg7 53. Nf3 Be7 54. Re8 Bf6 55. Re2 Rxb2 56. Re1 Rf2 57.
Kg1 Ra2 58. Bg3 Nd2 59. Bf2 Nxf3+ 60. Bxf3 h4 61. Rf1 g5 62. Bd5 Ne7 63. Bxa2 Ng6 64. Kg2 Nf4+ 65. Kf3 Kg6 66. Be3 Kf5 67. Bb1+ Ke5 68.
Bxf4+ gxf4 69. Re1+ Kd6 70. Kxf4 h3 71. Rh1 Be5+ 72. Kf5 h2 73. Rd1+ Ke7 74. Kxe5 f6+ 75. Kf5 Kf7 76. Rh1 Ke7 77. Rxh2 Kd6 78. Re2 Kc5 79.
Kxf6 1-0

[Event "*** Titled Tuesday Blitz"]
[Site "Chess.com"]
[Date "2020.10.27"]
[Round "9"]
[White "VladaSviridova"]
[Black "dopolian"]
[Result "1-0"]
[WhiteElo "2292"]
[BlackElo "2403"]
[TimeControl "180+1"]
[EndTime "11:47:26 PDT"]
[Termination "VladaSviridova won by checkmate"]

1. d4 g6 2. c4 Bg7 3. Nc3 c5 4. d5 Bxc3+ 5. bxc3 f5 6. h4 Nf6 7. Nh3 e5 8. dxe6 dxe6 9. Qxd8+ Kxd8 10. Bg5 Ke7 11.
Nf4 Nd7 12. g3 Ne5 13. h5 h6 14. Nxg6+ Nxg6 15. hxg6 Bd7 16. g7 Rh7 17. Rxh6 Rxh6 18. Bxh6 Bc6 19. f3 Kf7 20. Be3 b6 21. Rd1 Kxg7 22.
Rd6 Bd7 23. Bg5 Rd8 24. e4 Kg6 25. Bxf6 Kxf6 26. exf5 Ke7 27. Rd2 exf5 28. f4 Rh8 29.
Kf2 Bc6 30. Re2+ Kd6 31. Re5 Be4 32. Be2 Rh2+ 33. Ke3 Bb1 34. Re8 Bxa2 35. Ra8 a5 36. Rb8 Kc7 37. Rf8 Bb1 38. Rf7+ Kc6 39. Rf6+ Kb7 40.
Bf3+ Ka6 41. Rf8 b5 42. Ra8+ Kb6 43. Rb8+ Kc7 44. Rxb5 a4 45. Rxb1 a3 46. Ra1 a2 47.
Be2 Rg2 48. Rxa2 Rxg3+ 49. Bf3 Kd6 50. Ra6+ Kd7 51. Rf6 Rg1 52. Rxf5 Rc1 53. Kd2 Ra1 54.
Rxc5 Rf1 55. Rd5+ Ke6 56. Ke2 Rc1 57. Re5+ Kf6 58. Re3 Rc2+ 59. Kd3 Rc1 60. Be4 Ke6 61. f5+ Kf6 62. c5 Ra1 63. c6 Ra5 64. c4 Ra8 65.
Kd4 Rc8 66. Kc5 Ke5 67. Bc2+ Kf4 68. Re7 Rh8 69. f6 Kg5 70. f7 Kf6 71. Rd7 Rh5+ 72. Kd6 Kg7 73. Be4 Rh4 74. Bd5 Rf4 75. c7 Rf6+ 76.
Ke5 Rf1 77. f8=Q+ Kxf8 78. c8=Q# 1-0

[Event "*** Titled Tuesday Blitz"]
[Site "Chess.com"]
[Date "2020.10.27"]
[Round "9"]
[White "Margarita2907"]
[Black "PavelChernomordik"]
[Result "1-0"]
[WhiteElo "2208"]
[BlackElo "2281"]
[TimeControl "180+1"]
[EndTime "11:47:27 PDT"]
[Termination "Margarita2907 won on time"]

1. e4 g6 2. Nf3 Bg7 3. d4 d6 4. Bd3 c5 5. c3 Nf6 6. Nbd2 O-O 7. O-O Nc6 8. h3 Nh5 9. Nb3 b6 10. Re1 Qc7 11. Bf1 Bb7 12. Be3 e5 13. d5 Ne7 14. a4 a6 15. Nbd2 h6 16. Nh2 f5 17.
f3 Bc8 18. Nc4 Rb8 19. b4 Rd8 20. bxc5 bxc5 21. a5 Nf6 22. Qc2 Bd7 23. Nb6 Bc8 24. Rab1 Bb7 25. Bd3 f4 26. Bf2 h5 27. Qe2 g5 28. Bxa6 Bh6 29. Bxb7 Rxb7 30. Ra1 Kf7 31. Nc4 Rg8 32. Reb1 Ra7 33. Rb6 Nc8 34. Rc6 Qd7 35. Bxc5 Rc7 36. Rxc7 Qxc7 37. Bf2 g4 38. hxg4 hxg4 39.
Nxg4 Nxg4 40. fxg4 Qd7 41. a6 Na7 42. Nxd6+ Qxd6 43. Bxa7 Ra8 44. Bf2 Bf8 45. a7 Qc7 46. c4 Bc5 47.
Ra2 Rxa7 48. Rxa7 Qxa7 49. Bxc5 Qxc5+ 50. Kf1 Qd4 51. g5 Kg6 52. Qg4 Qxc4+ 53. Kg1 Qxe4 54. Qe6+ Kxg5 55. d6 Qe1+ 56. Kh2 Qg3+ 57. Kg1 Qe1+ 58. Kh2 Qg3+ 59. Kg1 f3 60. Qg8+ Kf4 61. Qxg3+ Kxg3 62. gxf3 Kxf3 63. d7 e4 64. d8=Q e3 65. Qf8+ Ke2 66. Qe7 Kd2 67. Kf1 Kd3 68. Qd6+ Ke4 69. Ke2 Kf5 70. Qd3+ Kg4 71. Qxe3 1-0

[Event "*** Titled Tuesday Blitz"]
[Site "Chess.com"]
[Date "2020.10.27"]
[Round "9"]
[White "brunomorado"]
[Black "Bastiandash"]
[Result "1-0"]
[WhiteElo "2420"]
[BlackElo "2330"]
[TimeControl "180+1"]
[EndTime "11:47:54 PDT"]
[Termination "brunomorado won by resignation"]

1. d4 Nf6 2. Nc3 d5 3. Bg5 e6 4.
e4 dxe4 5. Nxe4 Nbd7 6. g3 Be7 7. Bxf6 Nxf6 8. Bg2 O-O 9. Ne2 Nxe4 10. Bxe4 c5 11. c3 Rb8 12. Qa4 a6 13. Rd1 Qc7 14. dxc5 Bxc5 15.
O-O b5 16. Qc2 h6 17. Rd2 Bb7 18. Rfd1 Bxe4 19. Qxe4 Rbd8 20. Nd4 Qb6 21. Kf1 Rd5 22. Nb3 Rf5 23. Nxc5 Qxc5 24. Kg2 g6 25. f4 Rc8 26. Rd6 a5 27. Rd7 Rc7 28. Rd8+ Kg7 29. Qa8 Qc6+ 30.
Qxc6 Rxc6 31. Ra8 b4 32. Rd3 bxc3 33. Rxc3 Rxc3 34. bxc3 Rc5 35. c4 Rxc4 36. Rxa5 g5 37. fxg5 hxg5 38. Rxg5+ Kf6 39. Ra5 Rc2+ 40. Kh3 e5 41. g4 Kg5 42. Rxe5+ Kg6 43. Ra5 f6 44. Kg3 Rc3+ 45. Kh4 Rc2 46. h3 Rc3 47. Ra4 Rc8 48. Ra3 Rh8+ 49. Kg3 Rc8 50. h4 Rc2 51. h5+ Kg5 52.
Ra5+ Kh6 53. Rf5 Kg7 54. Rf2 Rc3+ 55. Rf3 Rc2 56. a4 Ra2 57. Rf4 Ra3+ 58. Kh4 Ra1 59. h6+ Kg6 60. h7 Rh1+ 61. Kg3 Rxh7 62. a5 Rh1 63.
Ra4 Rh7 64. a6 Ra7 65. Kf4 Kf7 66. Kf5 Ke7 67. Kg6 Ke6 68. Re4+ Kd5 69. Rf4 Rxa6 70. Rxf6 Ra4 71. g5 Ke5 72. Rf1 Ke6 73. Kg7 Rg4 74. g6 Ke7 75. Kh7 Rh4+ 76. Kg8 Rg4 77. g7 Ke8 78.
Re1+ Kd7 79. Kf8 Rf4+ 80. Kg8 Rg4 81. Kf7 Rf4+ 82. Kg6 Rg4+ 83. Kf6 Rg3 84. Re5 Kd6 85.
Rg5 Rf3+ 86. Kg6 Rf8 87. gxf8=Q+ 1-0

[Event "*** Titled Tuesday Blitz"]
[Site "Chess.com"]
[Date "2020.10.27"]
[Round "9"]
[White "TokChess"]
[Black "Kavyev_Ruslan"]
[Result "1-0"]
[WhiteElo "2446"]
[BlackElo "2556"]
[TimeControl "180+1"]
[EndTime "11:48:02 PDT"]
[Termination "TokChess won by checkmate"]

1. c4 d5 2. cxd5 Qxd5 3. Nc3 Qa5 4. Nf3 Nf6 5. g3 c6 6. Bg2 Bg4 7. O-O Nbd7 8. d3 e6 9. Bd2 Qc7 10. Rc1 a6 11. Bf4 Bd6 12. Bxd6 Qxd6 13. Qb3 b5 14. Nd2 Bxe2 15. Nxe2 Rc8 16. Ne4 Qe7 17. Nxf6+ Nxf6 18. Bxc6+ Kf8 19. Bf3 Rd8 20. Rc6 h5 21. Rfc1 h4 22.
Rc7 Qd6 23. d4 h3 24. Rc8 g6 25. R1c6 Qd7 26. R8c7 Qe8 27. Qe3 Rd7 28. Qe5 Kg7 29.
Nc3 Rxc7 30. Rxc7 Qd8 31. Ne4 Rh6 32. Qxf6+ Qxf6 33. Nxf6 Kxf6 34. Kf1 Rh8 35. Ke2 Rd8 36. Ke3 e5 37. Rc6+ Kf5 38. Be4+ Kg5 39. dxe5 Rd1 40. f4+ Kh6 41. Rc2 Rg1 42. g4 Rxg4 43. Kf3 Rg1 44. Kf2 Rg4 45. Bf3 Rxf4 46. Kg3 Rf5 47. Re2 g5 48.
Bg4 Rf4 49. Bxh3 Rb4 50. Bg4 Kg6 51. h3 Rd4 52. Re3 Rd2 53. e6 fxe6 54. Rxe6+ Kf7 55. Rxa6 Rxb2 56. Bf5 Rb4 57. Bg4 Rb2 58. Bf3 Rb4 59. Bd5+ Kg7 60. Bb3 Rd4 61. Rc6 b4 62. Rc5 Kf6 63. Rb5 Kg6 64. Rb6+ Kg7 65. Rc6 Rd3+ 66.
Kg4 Re3 67. Rc7+ Kf6 68. Rc6+ Ke5 69. Rc4 Kf6 70. Rxb4 Re2 71. Rb6+ Ke5 72. Rb5+ Kd4 73. Kxg5 Rh2 74. Kg4 Ke4 75. Rb4+ Kd3 76. Rb8 Kc3 77. Rf8 Kd4 78. Rf3 Ke5 79. Rf1 Rg2+ 80. Kf3 Rg7 81. h4 Rh7 82. Rh1 Kf6 83. h5 Kg5 84. h6 Kf6 85.
Ke4 Ke7 86. Kd5 Kd8 87. Ke5 Ke7 88. Kf5 Rh8 89. h7 Kf8 90. Bg8 Kg7 91. Kg5 Kf8 92. Kg6 Ke7 93. Kg7 Rxg8+ 94. hxg8=Q Kd6 95. Rd1+ Kc6 96. Qd5+ Kb6 97. Rb1+ Ka7 98. Qb7# 1-0

[Event "*** Titled Tuesday Blitz"]
[Site "Chess.com"]
[Date "2020.10.27"]
[Round "9"]
[White "Sharpchess22"]
[Black "KuzubovYuriy"]
[Result "0-1"]
[WhiteElo "2768"]
[BlackElo "2892"]
[TimeControl "180+1"]
[EndTime "11:48:53 PDT"]
[Termination "KuzubovYuriy won on time"]

1. c4 e5 2. Nc3 Bb4 3. Nd5 Bc5 4. Nf3 c6 5. Nc3 Qe7 6. Qc2 d6 7. e3 Nf6 8. Be2 Bg4 9. h3 Bh5 10. d3 h6 11. a3 O-O 12. g4 Bg6 13. Nh4 Bh7 14. Nf5 Bxf5 15. gxf5 d5 16. e4 Bd4 17. Bd2 Nbd7 18. Rg1 Kh8 19. Qc1 Rg8 20. Bf3 dxc4 21. dxc4 Rac8 22. Qc2 b5 23. Ne2 bxc4 24. Rb1 Nb6 25.
Rg2 Rcd8 26. a4 Qc5 27. a5 Nbd7 28. Rc1 Qb5 29. Qxc4 Nc5 30. Nxd4 Nd3+ 31. Kf1 Rxd4 32.
Qxb5 cxb5 33. Rc7 Nxb2 34. Be3 Ra4 35. Rxf7 Nc4 36. Bxh6 Ra1+ 37. Ke2 Ra2+ 38. Ke1 gxh6 39. Rxf6 Rxg2 40. Bxg2 Rxa5 41. Rxh6+ Kg7 42. Rc6 Ra1+ 43. Ke2 Ra2+ 44. Kf3 a5 45. h4 a4 46. h5 Rd2 47.
Bh3 Rd6 48. Rc7+ Kh6 49. Kg4 a3 50. f4 a2 51. Ra7 Ne3+ 52. Kf3 Rd3 53. Rxa2 Nc4+ 54.
Kg4 exf4 55. Bf1 Ne3+ 56. Kxf4 Nxf1 57. Ra6+ Kxh5 58. e5 Rd4+ 59. Kf3 Nh2+ 60. Ke3 Rc4 61. e6 Ng4+ 62. Kd3 Ne5+ 63. Ke3 Ng4+ 64. Kd2 Rc7 65. Rb6 Kg5 66. Rxb5 Nf6 67. Ke3 Rc4 68. e7 Re4+ 69. Kf3 Rxe7 70. Rc5 Re4 71. Rb5 Rf4+ 72. Ke3 Ng4+ 73. Kd3 Kf6 74. Ra5 Ne5+ 75. Ke3 Rb4 76. Rc5 Kxf5 77. Kd2 Ke4 78. Kc3 Ra4 79. Rc8 Ra3+ 80. Kb4 Ra1 81. Re8 Kd4 82. Rd8+ Ke3 83. Re8 Kd4 84. Rd8+ Ke4 85. Re8 Rc1 86. Kb3 Rc7 87. Kb4 Kd4 88. Rd8+ Nd7 89. Kb5 Rc5+ 90.
Kb4 Rc4+ 91. Kb5 Rc5+ 92. Kb4 Rc7 93. Kb5 Kd5 94. Kb4 Ke5 95. Re8+ Kd4 96. Rd8 Rb7+ 97.
Ka3 Kc3 98. Rc8+ Kd3 99. Rd8 Kc4 100. Rh8 Nc5 101. Rh3 Nd3 102. Ka2 Kc3 103. Rh2 Ra7+ 104. Kb1 Kb3 105. Rd2 Kc3 106. Rc2+ Kb3 107. Rd2 Rd7 108. Rh2 Rg7 109. Rh1 Rg2 110. Rf1 Rb2+ 111. Ka1 Rd2 112. Kb1 Ne5 113. Re1 Nc4 114. Kc1 Rc2+ 0-1

[Event "*** Titled Tuesday Blitz"]
[Site "Chess.com"]
[Date "2020.10.27"]
[Round "10"]
[White "PhileKhoob"]
[Black "ChelsieMonica"]
[Result "1-0"]
[WhiteElo "2465"]
[BlackElo "2336"]
[TimeControl "180+1"]
[EndTime "11:50:03 PDT"]
[Termination "PhileKhoob won by resignation"]

1. e4 e6 2. d4 d5 3. e5 c5 4. c3 cxd4 5. cxd4 Nc6 6. Nf3 Bb4+ 7. Nc3 Bxc3+ 8. bxc3 Nge7 9. Bd3 O-O 10. O-O Ng6 11.
g3 f5 12. exf6 Qxf6 13. Kg2 e5 14. dxe5 h6 15. exf6 1-0

[Event "*** Titled Tuesday Blitz"]
[Site "Chess.com"]
[Date "2020.10.27"]
[Round "10"]
[White "crescentmoon2411"]
[Black "RaunakSadhwani2005"]
[Result "1/2-1/2"]
[WhiteElo "2891"]
[BlackElo "2974"]
[TimeControl "180+1"]
[EndTime "11:51:27 PDT"]
[Termination "Game drawn by agreement"]

1. d4 d5 2. Nf3 Nf6 3. c4 c6 4. cxd5 cxd5 5. Nc3 Nc6 6. Bf4 Bf5 7. e3 e6 8. Be2 Bd6 9. Bxd6 Qxd6 10. O-O O-O 11. Rc1 Rfc8 12. Ne1 Ne4 13. Nd3 Nxc3 14. Rxc3 Bxd3 15.
Bxd3 1/2-1/2

[Event "*** Titled Tuesday Blitz"]
[Site "Chess.com"]
[Date "2020.10.27"]
[Round "10"]
[White "swimmerchess"]
[Black "brunomorado"]
[Result "1-0"]
[WhiteElo "2781"]
[BlackElo "2418"]
[TimeControl "180+1"]
[EndTime "11:51:32 PDT"]
[Termination "swimmerchess won by resignation"]

1. e4 c5 2. Nf3 Nc6 3. Nc3 g6 4. d4 Bg7 5. d5 Nd4 6. Be3 Qb6 7.
Rb1 d6 8. Nd2 e5 9. Nc4 Qc7 10.
Bxd4 cxd4 11. Nb5 Qc5 12. b4 1-0